 Dungeon Crawl Stone Soup version 0.18.1-48-g4cf74bf (webtiles) character file.

12754 nikopol the Cleaver (level 11, -15/150 HPs)
             Began as a Hill Orc Berserker on Aug 2, 2016.
             Was a High Priest of Trog.
             Demolished by a sun demon (17 damage)
             ... summoned by an orc sorcerer
             ... on level 1 of the Orcish Mines.
             The game lasted 00:39:13 (15308 turns).

nikopol the Cleaver (Hill Orc Berserker)           Turns: 15308, Time: 00:39:14

Health: -15/150    AC: 15    Str: 31    XL:     11   Next: 98%
Magic:  11/11      EV: 11    Int:  7    God:    Trog [*****.]
Gold:   1011       SH:  0    Dex: 12    Spells: 0 memorised, 10 levels left

rFire  . . .     SeeInvis .     a - +0 war axe
rCold  . . .     Gourm    .     x - +0 chain mail
rNeg   . . .     Faith    .     (no shield)
rPois  .         Spirit   .     D - +1 hat
rElec  .         Dismiss  .     E - +2 cloak
rCorr  .         Reflect  .     (no gloves)
SustAt +         Harm     .     (no boots)
MR     .....                    (no amulet)
Stlth  ..........               s - ring of sustain attributes
                                m - +4 ring of strength

@: berserking, drained, very quick, not resistant to hostile enchantments,
extremely unstealthy
A: no striking features
a: Berserk, Trog's Hand, Brothers in Arms, Burn Spellbooks, Renounce Religion


You were on level 1 of the Orcish Mines.
You worshipped Trog.
Trog was extremely pleased with you.
You were hungry.

You visited 3 branches of the dungeon, and saw 11 of its levels.

You collected 1011 gold pieces.

Inventory:

Hand Weapons
 a - a +0 war axe (weapon)
 z - a +1 shortbow
Missiles
 B - 115 arrows (quivered)
Armour
 b - a +0 animal skin
 x - a +0 chain mail (worn)
 D - a +1 hat (worn)
 E - a +2 cloak (worn)
Jewellery
 m - a +4 ring of strength (left hand)
 p - an uncursed ring of positive energy
 s - a ring of sustain attributes (right hand)
 u - an uncursed ring of flight
Wands
 w - a wand of digging (18/24)
 C - a wand of paralysis (14/24)
Scrolls
 d - 2 scrolls of magic mapping
 e - 6 scrolls of remove curse
 k - a scroll of blinking
 t - 3 scrolls of teleportation
 y - a scroll of identify
Potions
 f - a potion of ambrosia
 i - 7 potions of curing
 j - a potion of resistance
 F - a potion of haste
 J - 2 potions of brilliance
 K - a potion of agility
 L - 4 potions of cure mutation
 N - a potion of invisibility
Comestibles
 c - 9 bread rations
 g - 2 chunks of flesh
 l - 18 fruits
 n - 6 meat rations
 r - 5 beef jerkies


   Skills:
 + Level 10.2(9.6) Fighting
 * Level 13.2(12.5) Axes
 * Level 7.8(7.2) Bows
 + Level 9.1(8.5) Armour
 + Level 6.5(5.9) Dodging


You had 10 spell levels left.
You didn't know any spells.

Dungeon Overview and Level Annotations

Branches:
Dungeon (9/15)             Temple (0/1) D:4            Lair (1/8) D:8
    Orc (1/2) D:9

Altars:
Ashenzari
Cheibriados
Dithmenos
Elyvilon
Nemelex Xobeh
Okawaru
Pakellas
Ru
Sif Muna
Vehumet
Xom
The Shining One
Beogh

Shops:
D:5 %   D:8 =


Message History

The sun demon hits you.
You are engulfed in flames!!
You hit the orc sorcerer.
The orc sorcerer is moderately wounded.
You hit the sun demon but do no damage. The orc sorcerer casts a spell at you.
The bolt of negative energy hits you!
You feel drained. The sun demon barely misses you.
A red film seems to cover your vision as you go berserk!
You feel yourself moving faster!
You feel mighty!
You feel somewhat more hungry. The sun demon hits you!!
* * * LOW HITPOINT WARNING * * *
You are engulfed in flames!
* * * LOW HITPOINT WARNING * * *
The orc sorcerer barely misses you.
You hit the orc sorcerer but do no damage.
The orc sorcerer is moderately wounded.
You barely miss the sun demon. The sun demon hits you!
* * * LOW HITPOINT WARNING * * *
You are engulfed in flames!
You die...

...........
.(....(........>.......
.....(................
.....................
...(................
#.....#.#...........
##.#...##............
#..3o..#........#....
#..@...........#.#..
###...............#)
#####.......>....#...#
##................#....
#.......#.............#
##...................##
###....#...........###
###.##...#........##
##..##...##.........


You could see a sun demon and an orc sorcerer.

Vanquished Creatures
  Gastronok (D:8)
  The ghost of RexLacerta the Skirmisher, a novice GrGl of Okawaru (D:9)
  A hill giant (D:7)
  An orc knight (Orc:1)
  Maurice (Orc:1)
  A spiny frog (Lair:1)
  4 komodo dragons (Lair:1)
  5 trolls
  Prince Ribbit (D:9)
  A two-headed ogre (Orc:1)
  4 blink frogs (Lair:1)
  A wraith (D:8)
  A yak (Lair:1)
  A hippogriff (Lair:1)
  2 water moccasins (Lair:1)
  An ice beast (D:8)
  7 orc warriors
  4 phantoms
  3 centaurs
  4 ogres
  4 wolves (Lair:1)
  A crocodile (D:8)
  5 giant frogs
  A big kobold (D:8)
  5 killer bees
  6 scorpions
  3 jellies
  A howler monkey (D:5)
  A crimson imp (D:5)
  Crazy Yiuf (D:3)
  A giant frog skeleton (D:6)
  6 orc priests
  4 hounds
  Jessica (D:3)
  4 worker ants
  7 iguanas
  12 orc wizards
  2 hound skeletons (D:6)
  A worker ant zombie (D:7)
  9 adders
  10 gnolls
  2 oozes (D:1)
  2 adder skeletons (D:9)
  2 dart slugs (D:2)
  3 giant geckos
  57 orcs
  12 bats
  5 giant cockroaches
  5 hobgoblins
  A jackal (D:3)
  12 kobolds
  5 quokkas
  3 ball pythons
  A giant gecko zombie (D:5)
  6 giant newts
  7 goblins
  A jackal skeleton (D:8)
  A quokka zombie (D:7)
  15 rats
  4 fungi (D:8)
  A plant (D:8)
275 creatures vanquished.

Vanquished Creatures (collateral kills)
  2 orc sorcerers (Orc:1)
  A troll (Orc:1)
  2 yaks (Lair:1)
  2 orc warriors
  A phantom (D:6)
  An orc priest (D:6)
  6 orcs
15 creatures vanquished.

Grand Total: 290 creatures vanquished

Notes
Turn   | Place    | Note
--------------------------------------------------------------
     0 | D:1      | nikopol the Hill Orc Berserker began the quest for the Orb.
     0 | D:1      | Reached XP level 1. HP: 19/19 MP: 1/1
   103 | D:1      | Reached XP level 2. HP: 23/27 MP: 2/2
   321 | D:1      | Reached ** piety under Trog
   321 | D:1      | Reached XP level 3. HP: 27/33 MP: 3/3
  1307 | D:2      | Found a faded altar to an unknown god.
  1535 | D:2      | Found a glowing golden altar of the Shining One.
  1667 | D:3      | Found an iron altar of Okawaru.
  1831 | D:3      | Reached XP level 4. HP: 38/41 MP: 4/4
  2259 | D:3      | Reached skill level 5 in Axes
  2259 | D:3      | Reached XP level 5. HP: 22/47 MP: 5/5
  2498 | D:3      | Noticed Jessica
  2502 | D:3      | Killed Jessica
  2508 | D:3      | Found a deep blue altar of Sif Muna.
  2551 | D:3      | Reached *** piety under Trog
  2636 | D:3      | Found a sacrificial altar of Ru.
  2638 | D:3      | Found a snail-covered altar of Cheibriados.
  2638 | D:3      | Found a shimmering altar of Xom.
  2659 | D:3      | Noticed Crazy Yiuf
  2668 | D:3      | Killed Crazy Yiuf
  2668 | D:3      | Reached skill level 5 in Fighting
  3098 | D:4      | Reached XP level 6. HP: 39/56 MP: 6/6
  3618 | D:4      | Found a shadowy altar of Dithmenos.
  3656 | D:4      | Reached skill level 6 in Axes
  3672 | D:4      | Reached XP level 7. HP: 25/61 MP: 7/7
  3867 | D:4      | Found a shattered altar of Ashenzari.
  4146 | D:4      | Found a staircase to the Ecumenical Temple.
  4179 | D:5      | Entered Level 5 of the Dungeon
  4205 | D:5      | Reached **** piety under Trog
  4375 | D:5      | Found a white marble altar of Elyvilon.
  4533 | D:5      | Reached skill level 5 in Armour
  4828 | D:5      | Found Sutaesk's Food Emporium.
  4942 | D:6      | Reached skill level 7 in Axes
  4942 | D:6      | Reached XP level 8. HP: 49/71 MP: 8/8
  5128 | D:6      | Reached skill level 1 in Bows
  5333 | D:6      | HP: 3/106 [orc warrior/short sword (8)]
  5834 | D:6      | Reached skill level 8 in Axes
  6091 | D:7      | Noticed a hill giant
  6105 | D:7      | Killed a hill giant
  6105 | D:7      | Reached XP level 9. HP: 33/79 MP: 9/9
  6448 | D:7      | Reached skill level 9 in Axes
  8255 | D:7      | Reached skill level 5 in Dodging
  8570 | D:8      | Reached ***** piety under Trog
  8633 | D:8      | Reached skill level 10 in Axes
  8770 | D:8      | Found a staircase to the Lair.
  8779 | D:8      | Received a gift from Trog
  9035 | D:8      | Found Sungicur's Jewellery Boutique.
  9088 | D:8      | Reached XP level 10. HP: 88/88 MP: 10/10
  9381 | D:8      | Found a radiant altar of Vehumet.
  9419 | D:8      | Noticed Gastronok
  9444 | D:8      | Killed Gastronok
  9444 | D:8      | Reached skill level 11 in Axes
  9444 | D:8      | Reached skill level 5 in Bows
  9714 | Lair:1   | Entered Level 1 of the Lair of Beasts
 10455 | Lair:1   | Reached XP level 11. HP: 97/97 MP: 11/11
 10486 | Lair:1   | HP: 1/97 [yak (11)]
 10998 | Lair:1   | Reached skill level 12 in Axes
 12474 | D:9      | Found an oddly glowing altar of Pakellas.
 12700 | D:9      | Noticed RexLacerta's ghost (novice GrGl)
 12721 | D:9      | Killed RexLacerta's ghost
 12874 | D:9      | Noticed Prince Ribbit
 12882 | D:9      | Killed Prince Ribbit
 12883 | D:9      | Found a sparkling altar of Nemelex Xobeh.
 13130 | D:9      | Found a staircase to the Orcish Mines.
 13390 | Orc:1    | Entered Level 1 of the Orcish Mines
 13578 | Orc:1    | Noticed an orc sorcerer
 13580 | Orc:1    | Noticed an orc sorcerer
 13588 | Orc:1    | Noticed a sun demon
 13589 | Orc:1    | Paralysed by an orc sorcerer for 3 turns
 13594 | Orc:1    | Paralysed by an orc sorcerer for 4 turns
 13596 | Orc:1    | Killed an orc sorcerer
 13598 | Orc:1    | Killed an orc sorcerer
 13607 | Orc:1    | Noticed Maurice
 14096 | Orc:1    | Killed Maurice
 14307 | Orc:1    | Noticed an orc knight
 14493 | Orc:1    | Reached skill level 10 in Fighting
 14565 | Orc:1    | Reached skill level 13 in Axes
 14743 | Orc:1    | Killed an orc knight
 15100 | Orc:1    | Found a roughly hewn altar of Beogh.
 15297 | Orc:1    | Noticed an orc sorcerer
 15300 | Orc:1    | Noticed a sun demon
 15308 | Orc:1    | HP: 2/150 [sun demon[an orc sorcerer] (8)]
 15308 | Orc:1    | Demolished by a sun demon

Skill      XL: |  1  2  3  4  5  6  7  8  9 10 11 |
---------------+----------------------------------+-----
Fighting       | 4 5 6 7 8 9 10 | 10.2
Dodging        | 2 3 4 5 6 |  6.5
Armour         | 3 4 5 6 7 8 9 |  9.1
Axes           | 5 6 7 8 10 11 13 | 13.2
Bows           | 3 4 6 7 |  7.8

Action                   |  1- 3 |  4- 6 |  7- 9 | 10-12 || total
-------------------------+-------+-------+-------+-------++-------
Melee: Hand axe          |   133 |    37 |   290 |       ||   460
       War axe           |       |   136 |   170 |   345 ||   651
 Fire: Shortbow          |       |       |   107 |   228 ||   335
Invok: Berserk           |     2 |     3 |     5 |     7 ||    17
       Trog's Hand       |       |     1 |     1 |     2 ||     4
       Brothers in Arms  |       |       |     1 |     4 ||     5
       Burn Spellbooks   |       |       |     1 |       ||     1
Evoke: Wand              |       |       |       |     4 ||     4
  Use: Scroll            |       |       |    10 |    16 ||    26
       Potion            |       |       |       |     2 ||     2
  Eat: Chunk             |     5 |     9 |    22 |    22 ||    58
       Fruit             |       |       |     1 |       ||     1
       Beef jerky        |       |       |       |     2 ||     2
       Pizza             |       |       |       |     1 ||     1
Armor: Animal skin       |    23 |       |       |       ||    23
       Chain mail        |    24 |    66 |   200 |   145 ||   435
Dodge: Dodged            |    94 |    88 |   227 |   190 ||   599
